 Dungeon Crawl Stone Soup version 0.26.0-57-g60708a5e39 (console) character file.

Game seed: 16447266728370001826

28412 om the Grappler (level 13, -33/114 HPs)
             Began as a Troll Monk on Feb 1, 2021.
             Was a High Priest of Makhleb.
             Annihilated by an orc warrior
             ... wielding a +0 halberd
             ... led by an orc warlord
              (40 damage)
             ... on level 1 of the Orcish Mines.
             The game lasted 00:33:34 (14648 turns).

om the Grappler (Troll Monk)                       Turns: 14648, Time: 00:33:34

Health: -33/114    AC:  8    Str: 22    XL:     13   Next: 9%
Magic:  0/26       EV: 15    Int: 10    God:    Makhleb [*****.]
Gold:   1241       SH: 14    Dex: 16    Spells: 12/12 levels left

rFire    + . .     SeeInvis +     - Unarmed
rCold    + + .     Faith    .   d - +3 kite shield
rNeg     . . .     Spirit   +   r - +0 robe of Brilliance {+Blink rC++ Int+4 Stlth-}
rPois    .         Reflect  .   w - +2 hat {SInv}
rElec    .         Harm     .   (no cloak)
rCorr    .         Rampage  .   (gloves unavailable)
Will     .....                  (boots unavailable)
Stlth    +.........             E - amulet of guardian spirit
HPRegen  0.69/turn              h - ring of protection from fire
MPRegen  0.20/turn              M - ring of magical power

@: lethally poisoned (-33 -> -34)
A: large, unfitting armour, claws 3, regeneration 1, shaggy fur 1, tough skin 3
a: Renounce Religion, Evoke Blink, Minor Destruction, Lesser Servant of Makhleb,
Major Destruction, Greater Servant of Makhleb


You were on level 1 of the Orcish Mines.
You worshipped Makhleb.
Makhleb was extremely pleased with you.
You visited 4 branches of the dungeon, and saw 17 of its levels.

You collected 1321 gold pieces.
You spent 80 gold pieces at shops.

Inventory:

Missiles
 i - 40 poisoned darts
 P - 14 large rocks (quivered)
 R - 3 javelins
Armour
 a - a +0 robe
 d - a +3 kite shield (worn)
 r - the +0 robe of Brilliance (worn) {+Blink rC++ Int+4 Stlth-}
   (You found it on level 4 of the Dungeon)

   It affects your intelligence (+4).
   It greatly protects you from cold.
   It lets you blink.
   It makes you less stealthy.
 w - a +2 hat of see invisible (worn)
 L - a +0 troll leather armour
Jewellery
 h - a ring of protection from fire (left claw)
 m - an uncursed ring of resist corrosion
 q - an uncursed ring of wizardry
 s - an uncursed ring of stealth
 E - an amulet of guardian spirit (around neck)
 H - an uncursed ring of teleportation
 M - a ring of magical power (right claw)
 S - an uncursed amulet of regeneration {unknown}
Wands
 p - a wand of iceblast (6)
 t - a wand of disintegration (33)
 u - a wand of paralysis (8)
 y - a wand of polymorph (21)
 z - a wand of flame (12)
 N - a wand of enslavement (12)
 O - a wand of digging (5)
 Q - a wand of random effects (24)
Scrolls
 b - 5 scrolls of enchant armour
 c - a scroll of magic mapping
 j - 2 scrolls of fear
 k - 5 scrolls of remove curse
 l - 3 scrolls of teleportation
 n - 3 scrolls of fog
 x - 2 scrolls of immolation
 A - 3 scrolls of amnesia
 B - a scroll of summoning {unknown}
 C - 2 scrolls of enchant weapon
 D - a scroll of vulnerability
 F - a scroll of identify
Potions
 e - 9 potions of curing
 f - 4 potions of haste
 g - 2 potions of resistance
 o - 2 potions of heal wounds
 v - a potion of lignification
 G - 2 potions of magic
 I - a potion of might
 J - 6 potions of brilliance
 K - a potion of invisibility


   Skills:
 - Level 4.0 Fighting
 - Level 5.0 Throwing
 + Level 8.7 Dodging
 - Level 1.0 Stealth
 + Level 8.3 Shields
 * Level 13.8 Unarmed Combat
 * Level 7.9 Invocations


You had 12 spell levels left.
You didn't know any spells.
Your spell library contained the following spells:

 Spells                   Type           Power        Failure   Level
 Corpse Rot               Necr/Air       N/A          54%         2
 Sublimation of Blood     Necr           0%           54%         2
 Dispel Undead            Necr           0%           99%         4
 Agony                    Necr           0%           100%        5
 Excruciating Wounds      Necr           0%           100%        5


Dungeon Overview and Level Annotations

Branches:
Dungeon (12/15)            Temple (1/1) D:5            Lair (3/6) D:10
  Snake (0/4) Lair:2          Orc (1/2) D:12
  Swamp: Lair:2-4    Shoals: Lair:2-4

Altars:
Ashenzari
Cheibriados
Dithmenos
Elyvilon
Fedhas
Gozag
Hepliaklqana
Kikubaaqudgha
Makhleb
Nemelex Xobeh
Okawaru
Qazlal
Ru
Sif Muna
Trog
Uskayaw
Vehumet
Wu Jian
Xom
Yredelemnul
Zin
The Shining One
Beogh

Shops:
D:4 !   D:5 =   D:6 *

Portals:
Bailey: Orc:1

Annotations:
Orc:1 3 runed translucent doors, Kaxaet's ghost, journeyman MfVM


Innate Abilities, Weirdness & Mutations

You are too large for most types of armour.
You have claws for hands.
Your natural rate of healing is unusually fast.
You are covered in fur. (AC +1)
You have extremely tough skin. (AC +3)


Message History

You claw the orc warrior!
The orc warrior is almost dead.
You block the orc warrior's attack. The chaos spawn gores you!
* * * LOW HITPOINT WARNING * * *
You are poisoned.
The chaos spawn poisons you! You block the orc warrior's attack.
The orc warrior hits you from afar with a +0 halberd!!
* * * LOW HITPOINT WARNING * * *
You barely miss the orc warrior.
The orc warrior is almost dead.
You feel sick.
The orc wizard no longer looks unusually strong.
You block the orc's attack. You block the orc warrior's attack.
The chaos spawn barely misses you.
You claw the orc warrior!
You kill the orc warrior!
Makhleb accepts your kill.
You feel better.
You feel sick.
The goblin throws a boomerang.
You block the boomerang.
The weapon returns to the goblin!
The orc warrior closely misses you.
The orc warrior hits you from afar with a +0 halberd!!!
You die...

#(##(.## #** ###......##
*** ##.######....§....#
**,**###....#.##.........##
*,,.##.#.....^............#
*,,..........o......$......
**,........≈≈≈≈≈.o.#§##....
*,,........≈...≈oo####.....
**,......goo>∩.≈o..#**..$..
*,......o)≈...≈o...#......
**,,,..#o@≈≈≈≈≈O....>>....
****.*##.4O..4........,,,
*** ##o..#.........,,,
*#..............***
*.......#.......,*
*#.....###......#**
*.....## ***,,,** *#......*
**,,* **......#* ****
**,*,*,,*,** *,,,,,,,,,,*


You could see an orc warlord, a rust devil (summoned), a chaos spawn (summoned),
an orc sorcerer (strong), 5 orc warriors, 2 ogres, an orc wizard (fast), 3 orcs
and a goblin.

Vanquished Creatures
  A hydra (Lair:1)
  Harold (Lair:2)
  A boulder beetle (D:12)
  2 two-headed ogres
  The ghost of pigah the Fighter, a novice DgWn (D:10)
  An orc knight (D:12)
  4 oklob plants (Lair:1)
  An orc sorcerer (Orc:1)
  A deep elf mage (D:12)
  2 cyclopes
  An ugly thing (D:11)
  5 elephants (Lair:3)
  6 cane toads (Lair:1)
  A komodo dragon (D:12)
  A rime drake (Lair:1)
  2 trolls
  2 polar bears
  A hornet (D:9)
  4 blink frogs (Lair:1)
  3 wyverns
  A wraith (D:10)
  22 yaks
  5 humans
  A vampire (D:12)
  4 basilisks
  5 nagas (Lair:2)
  6 water moccasins
  A black bear (Lair:2)
  3 ice beasts
  13 orc warriors
  4 sky beasts
  3 necrophages
  8 ogres
  7 centaurs
  8 wolves
  10 bullfrogs
  7 scorpions
  6 killer bees (D:12)
  2 howler monkeys
  A bullfrog zombie (D:5)
  A centaur zombie (D:12)
  2 quasits
  3 jellies
  3 centaur skeletons
  14 orc priests
  5 hounds
  6 iguanas
  17 orc wizards
  10 worker ants
  A hound skeleton (D:7)
  A worker ant zombie (D:5)
  3 howler monkey skeletons
  8 adders
  3 shadow imps
  6 white imps
  An ufetubus (D:5)
  An ooze (D:5)
  3 adder skeletons (D:5)
  4 worms
  2 dart slugs
  10 leopard geckos
  75 orcs
  2 ball pythons
  7 giant cockroaches
  11 goblins
  5 hobgoblins
  4 jackals (D:2)
  3 quokkas
  7 bats
  9 frilled lizards
  A jackal zombie (D:6)
  9 kobolds
  2 quokka skeletons (D:7)
  8 rats
405 creatures vanquished.

Vanquished Creatures (collateral kills)
  An ettin (Orc:1)
  A deep elf mage (D:12)
  An orc warrior (Orc:1)
  An ogre (Orc:1)
  2 orc priests (Orc:1)
  2 orcs (Orc:1)
8 creatures vanquished.

Vanquished Creatures (others)
  A fungus (Lair:2)
  30 plants
31 creatures vanquished.

Grand Total: 444 creatures vanquished

Notes
Turn   | Place    | Note
-------+----------+-------------------------------------------
     0 | D:1      | om the Troll Monk began the quest for the Orb.
     0 | D:1      | Reached XP level 1. HP: 22/22 MP: 0/0
   349 | D:1      | Reached XP level 2. HP: 29/29 MP: 1/1
   756 | D:2      | Reached XP level 3. HP: 35/36 MP: 2/2
   948 | D:1      | Reached skill level 1 in Shields
  1069 | D:1      | Reached XP level 4. HP: 44/44 MP: 3/3
  1177 | D:2      | Reached skill level 4 in Unarmed Combat
  1636 | D:2      | Reached XP level 5. HP: 51/53 MP: 4/4
  1867 | D:3      | Found a snail-covered altar of Cheibriados.
  2456 | D:4      | Reached XP level 6. HP: 61/61 MP: 5/5
  2513 | D:4      | Reached skill level 1 in Throwing
  2513 | D:4      | Reached skill level 5 in Unarmed Combat
  2599 | D:4      | Found Paf Hilo's Distillery.
  2607 | D:4      | Bought a potion of heal wounds for 60 gold pieces
  2719 | D:4      | Got a tattered robe
  2730 | D:4      | Identified the cursed +0 robe of Brilliance {+Blink rC++
                  | Int+4 Stlth-} (You found it on level 4 of the Dungeon)
  2885 | D:4      | Found a shimmering altar of Xom.
  3058 | D:5      | Entered Level 5 of the Dungeon
  3058 | D:5      | Found Kit Xuri's Jewellery Shoppe.
  3058 | D:5      | Noticed a sky beast
  3081 | D:4      | Killed a sky beast
  3082 | D:4      | Reached XP level 7. HP: 42/67 MP: 6/6
  3207 | D:5      | Found a radiant altar of Vehumet.
  3518 | D:5      | Found a hide-covered altar of Uskayaw.
  3561 | D:5      | Reached skill level 6 in Unarmed Combat
  3894 | D:5      | Found a basalt altar of Yredelemnul.
  3919 | D:5      | Reached XP level 8. HP: 69/78 MP: 7/7
  4093 | D:5      | Found a staircase to the Ecumenical Temple.
  4280 | Temple   | Entered the Ecumenical Temple
  4347 | Temple   | Became a worshipper of Makhleb the Destroyer
  4347 | Temple   | Reached * piety under Makhleb
  4347 | Temple   | Reached ** piety under Makhleb
  4497 | D:6      | Found a white marble altar of Elyvilon.
  4640 | D:6      | Reached skill level 7 in Unarmed Combat
  4741 | D:6      | Found Ungiur's General Store.
  4754 | D:6      | Bought a scroll of identify for 20 gold pieces
  5057 | D:6      | Found a bloodstained altar of Trog.
  5097 | D:6      | Found a hazy altar of Hepliaklqana.
  5361 | D:7      | Reached XP level 9. HP: 84/84 MP: 8/8
  5544 | D:7      | Reached skill level 8 in Unarmed Combat
  5556 | D:7      | Reached skill level 5 in Dodging
  6267 | D:8      | Found a broken altar of Ashenzari.
  6475 | D:7      | Reached skill level 9 in Unarmed Combat
  6645 | D:8      | Reached *** piety under Makhleb
  6652 | D:8      | Reached skill level 5 in Throwing
  6658 | D:8      | Reached skill level 5 in Shields
  7247 | D:9      | Reached XP level 10. HP: 92/92 MP: 9/9
  7348 | D:9      | Found a shimmering blue altar of Sif Muna.
  7348 | D:9      | Found a stormy altar of Qazlal.
  7506 | D:9      | Reached skill level 10 in Unarmed Combat
  7981 | D:10     | Entered Level 10 of the Dungeon
  7988 | D:10     | Noticed a two-headed ogre
  8024 | D:9      | Killed a two-headed ogre
  8073 | D:10     | Found a staircase to the Lair.
  8104 | D:10     | Reached **** piety under Makhleb
  8279 | D:10     | Reached skill level 11 in Unarmed Combat
  8404 | D:10     | Found a runed translucent gate.
  8404 | D:10     | Noticed pigah's ghost (novice DgWn)
  8407 | D:10     | Found a runed translucent gate.
  8408 | D:10     | Found a runed translucent gate.
  8427 | D:10     | Killed pigah's ghost
  9065 | D:11     | Reached XP level 11. HP: 100/100 MP: 10/10
  9314 | D:11     | Noticed a brown ugly thing
  9320 | D:11     | Killed a brown ugly thing
  9321 | D:11     | Reached skill level 1 in Invocations
  9848 | D:12     | Identified a scroll of acquirement
 10064 | D:5      | Acquired a +2 hat of see invisible
 10235 | D:12     | Found a blossoming altar of Fedhas.
 10290 | D:12     | Found a staircase to the Orcish Mines.
 10339 | D:12     | Noticed a two-headed ogre
 10345 | D:12     | Killed a two-headed ogre
 10396 | D:12     | Noticed a deep elf mage
 10578 | D:12     | Noticed a deep elf mage
 10598 | D:12     | Killed a deep elf mage
 10601 | D:12     | Killed a deep elf mage
 10670 | D:12     | Found a roughly hewn altar of Beogh.
 10690 | D:12     | Reached skill level 12 in Unarmed Combat
 10914 | D:12     | Noticed a boulder beetle
 10953 | D:12     | Killed a boulder beetle
 11341 | Lair:1   | Entered Level 1 of the Lair of Beasts
 11366 | Lair:1   | Reached ***** piety under Makhleb
 11577 | Lair:1   | Noticed an oklob plant
 11622 | Lair:1   | Reached skill level 5 in Invocations
 11675 | Lair:1   | Noticed a four-headed hydra
 11678 | Lair:1   | Killed a four-headed hydra
 11679 | Lair:1   | Reached XP level 12. HP: 107/107 MP: 14/14
 12715 | Lair:1   | Reached skill level 13 in Unarmed Combat
 13095 | Lair:2   | Acquired 423 gold pieces
 13119 | Lair:2   | Found a staircase to the Snake Pit.
 13467 | Lair:2   | Noticed Harold
 13476 | Lair:2   | Killed Harold
 14153 | Orc:1    | Entered Level 1 of the Orcish Mines
 14168 | Orc:1    | Noticed an ettin
 14180 | Orc:1    | Killed an ettin
 14181 | Orc:1    | Reached XP level 13. HP: 25/114 MP: 5/17
 14552 | Orc:1    | Found a runed translucent gate.
 14553 | Orc:1    | Found a runed translucent gate.
 14554 | Orc:1    | Found a runed translucent gate.
 14556 | Orc:1    | Noticed Kaxaet's ghost (journeyman MfVM)
 14581 | Orc:1    | Found a flagged portal.
 14629 | Orc:1    | Noticed an orc warlord
 14646 | Orc:1    | HP: 4/114 [orc warrior/+0 halberd[an orc warlord] (30)]
 14648 | Orc:1    | Annihilated by an orc warrior

Illustrated notes

Levels and vault maps discovered:
D:1:      minmay_arrival_checkered_box, layout_loops_cross,
          minmay_misc_feat_square
D:2:      minmay_chambers_of_twos, layout_rooms, minivault_27, minivault_11,
          hangedman_decor_growths
D:3:      layout_loops_ring, nicolae_overflow_crystal_walls
D:4:      layout_loops_cross, xom_butterflies, serial_shops, shop,
          hangedman_decor_lopped
D:5:      layout_basic, kennysheep_little_box, overflow_temple_1_default,
          eat_drink_and_be_merry_uskayaw, lemuel_temple_firewalk_b,
          serial_bayou, serial_bayou_ford_a, serial_bayou_lagoon_b,
          serial_bayou_shore_a, serial_bayou_crossing, serial_bayou_pond_b,
          serial_shops, shop
D:6:      layout_loops_ring, nzn_hepliaklqana_mist_gate, lemuel_doored_altar,
          serial_shops, shop_fountains, trog_hazing_becter
D:7:      layout_basic, minmay_fractal_squares_gapless_5
D:8:      layout_gridville, old_standard_altar, minmay_holes, minmay_ruffians
D:9:      layout_loops_ring, gammafunk_temple_overflow_elements
D:10:     layout_rooms, lair_entry_dummy, ebering_ghost_rock_garden
D:11:     layout_basic
D:12:     layout_basic, orc_0_dummy, special_room [special_room_orc],
          grunt_ministairs_4, fedhas_bush_and_centaur_altar
Temple:   nicolae_temple_x_marks_the_god
Lair:1:   minmay_lair_oklob_tunnel, layout_loops_ring, beast_lair_carwin_10,
          grunt_megastairs_1
Lair:2:   layout_roguey, minmay_snake_entry_guardpost_medium, uniq_harold
Lair:3:   layout_hall_layers, minmay_swamp_entry_swarm, forest_entry_grove
Orc:1:    layout_diamond_mine, enter_bailey_5, gammafunk_ghost_necromancy,
          portal_ice_cave_entry_pillars_1

Skill      XL: |  1  2  3  4  5  6  7  8  9 10 11 12 |
---------------+-------------------------------------+-----
Shields        | 1 2 3 4 5 6 7 8 |  8.3
Unarmed Combat | 4 5 6 7 9 11 12 13 | 13.8
Fighting       | 3 4 |  4.0
Dodging        | 3 4 5 7 8 |  8.7
Throwing       | 1 2 3 5 |  5.0
Invocations    | 5 7 |  7.9
Stealth        | |  1.0

Action                   |  1- 3 |  4- 6 |  7- 9 | 10-12 | 13-15 || total
-------------------------+-------+-------+-------+-------+-------++-------
Melee: Unarmed           |    78 |   205 |   391 |   740 |    93 ||  1507
Throw: Dart              |       |       |     1 |       |       ||     1
       Large rock        |       |       |       |    14 |       ||    14
Invok: Lesser Servant of |       |       |       |     4 |       ||     4
       Minor Destruction |       |       |       |     2 |       ||     2
 Abil: Evoke Blink       |       |       |     1 |       |     1 ||     2
Evoke: Wand              |       |       |       |       |     1 ||     1
  Use: Scroll            |     4 |     3 |     4 |    17 |     1 ||    29
       Potion            |       |       |       |     3 |     1 ||     4
 Stab: Sleeping          |     3 |     7 |     1 |       |       ||    11
       Distracted        |       |       |       |     1 |       ||     1
Armor: Robe              |    23 |    67 |    70 |    73 |    15 ||   248
Dodge: Dodged            |    19 |    64 |   119 |   255 |    48 ||   505
Block: Kite shield       |    36 |    99 |   224 |   404 |   101 ||   864
